 Dungeon Crawl Stone Soup version 0.32-a0-891-gc41d80381e (webtiles) character file.

Game seed: 8972286943323572160

142164 Necromancer21 the Sage (level 16, -6/127 HPs)
             Began as a Demonspawn Ice Elementalist on Apr 3, 2024.
             Was a High Priest of Sif Muna.
             Mangled by a +1 heavy eveningstar (16 damage)
             ... on level 2 of the Elven Halls.
             The game lasted 02:28:51 (33563 turns).

Necromancer21 the Sage (DsIE)                      Turns: 33563, Time: 02:28:52

Health: -6/127     AC:  9    Str: 13    XL:     16   Next: 79%
Magic:  5/39       EV: 18    Int: 29    God:    Sif Muna [*****.]
Gold:   581        SH:  4    Dex: 14    Spells: 1/35 levels left

rFire   + . .        R - +6 whip "Jilyanwarut" {elec, +Blink rElec Will- SInv}
rCold   + + .        a - +0 buckler
rNeg    . . .        s - +2 robe {rC+ rF+}
rPois   +            L - +1 hat of Gravitas {*Corrode rPois Regen+ Stlth+}
rElec   +            o - +1 cloak of Starlight {*Dazzle EV+4 Stlth--}
rCorr   +            (gloves unavailable)
SInv    +            m - +1 pair of boots {rampage}
Will    .....        y - amulet "Ducliuck" {Acrobat rElec rC+}
Stlth   ++           X - ring of Xom's Malicious Joy {rCorr MP+9 Str+4 Stlth+}
HPRegen 1.21/turn    O - +6 ring of intelligence
MPRegen 0.26/turn

%: corrode self (3%), acrobat, rampage
@: on fire, glowing, studying 3 skills, inugami summoned
A: hooves 2, ignite blood 3, demonic touch 3
a: Renounce Religion, Evoke Blink, Channel Magic, Forget Spell, Divine Exegesis


You were on level 2 of the Elven Halls.
You worshipped Sif Muna.
Sif Muna was extremely pleased with you.
You visited 5 branches of the dungeon, and saw 25 of its levels.
You also visited: Gauntlet.

You collected 2815 gold pieces.
You spent 2234 gold pieces at shops.

Inventory:

Hand Weapons
 R - the +6 whip "Jilyanwarut" (weapon) {elec, +Blink rElec Will- SInv}
   (You found it in a Gauntlet)

   rElec:     It insulates you from electricity.
   Will-:     It decreases your willpower.
   SInv:      It lets you see invisible.
   +Blink:    It lets you blink.
 T - the +1 dagger of Corporal Punishment {drain, Will+ Str+3}
   (You found it on level 3 of the Lair of Beasts)

   Str+3:     It affects your strength (+3).
   Will+:     It increases your willpower.
Missiles
 f - 11 boomerangs
 h - 12 javelins
 K - 3 silver javelins
Armour
 a - a +0 buckler (worn)
 m - a +1 pair of boots of rampaging (worn)
 o - the +1 cloak of Starlight (worn) {*Dazzle EV+4 Stlth--}
   (You bought it in a shop on level 4 of the Dungeon)

   *Dazzle:   It may blind those who miss an attack against the wearer in melee
   combat.
   EV+4:      It affects your evasion (+4).
   Stlth--:   It makes you much less stealthy.
 s - a +2 robe of resistance (worn)
 L - the +1 hat of Gravitas (worn) {*Corrode rPois Regen+ Stlth+}
   (You bought it in a shop on level 12 of the Dungeon)

   rPois:     It protects you from poison.
   Regen+:    It increases your rate of health regeneration.
   *Corrode:  It may corrode you when you take damage.
   Stlth+:    It makes you more stealthy.
 M - a +2 helmet of see invisible
 Q - a +3 troll leather armour
Magical Staves
 E - a staff of earth
Jewellery
 d - a ring of positive energy
 r - a ring of willpower
 t - the ring of Curiosity {Fly rPois Str+3 Int+4}
   (You found it in a Gauntlet)

   [ring of poison resistance]

   Str+3:     It affects your strength (+3).
   Int+4:     It affects your intelligence (+4).
   rPois:     It protects you from poison.
   Fly:       It grants you flight.
 y - the amulet "Ducliuck" (around neck) {Acrobat rElec rC+}
   (You found it in a Gauntlet)

   [amulet of the acrobat]

   Acrobat:   It increases your evasion while moving and waiting.
   rC+:       It protects you from cold.
   rElec:     It insulates you from electricity.
 O - a +6 ring of intelligence (right hand)
 U - a ring of willpower
 X - the ring of Xom's Malicious Joy (left hand) {rCorr MP+9 Str+4 Stlth+}
   (You found it on level 3 of the Lair of Beasts)

   [ring of magical power]

   Str+4:     It affects your strength (+4).
   MP+9:      It affects your magic capacity (+9).
   rCorr:     It protects you from acid and corrosion.
   Stlth+:    It makes you more stealthy.
Wands
 k - a wand of light (14)
 w - a wand of warping (28)
 x - a wand of charming (30)
 B - a wand of polymorph (9)
 F - a wand of digging (7)
 G - a wand of mindburst (5)
 N - a wand of flame (12)
Scrolls
 g - 3 scrolls of immolation
 j - 2 scrolls of fog
 l - 2 scrolls of butterflies
 q - 4 scrolls of fear
 u - 3 scrolls of vulnerability
 v - 9 scrolls of amnesia
 C - 10 scrolls of teleportation
 J - 2 scrolls of poison
 S - 2 scrolls of revelation
 W - 3 scrolls of enchant armour
 Y - 4 scrolls of enchant weapon
Potions
 b - 4 potions of magic
 c - a potion of ambrosia
 e - 4 potions of lignification
 i - 3 potions of cancellation
 n - 6 potions of haste
 p - 5 potions of brilliance
 z - a potion of might
 A - 2 potions of mutation
 D - a potion of berserk rage {unknown}
 H - 8 potions of curing
 I - a potion of invisibility
 P - 3 potions of enlightenment
 V - 3 potions of attraction
 Z - 4 potions of heal wounds


   Skills:
 - Level 12.0 Fighting
 - Level 7.4 Dodging
 - Level 6.0 Stealth
 - Level 3.4 Shields
 - Level 10.0 Spellcasting
 - Level 11.5 Summonings
 - Level 8.0 Translocations
 + Level 12.5 Ice Magic
 + Level 13.3 Earth Magic
 - Level 14.0 Invocations
 - Level 6.0 Evocations


You had one spell level left.
You knew the following spells:

 Your Spells              Type           Power      Damage    Failure   Level
a - Freeze                Ice            100%       1d10      1%          1
b - Frozen Ramparts       Ice            100%       1d16      1%          3
c - Summon Ice Beast      Ice/Summ       71%        N/A       1%          3
d - Ozocubu's Armour      Ice            72%        N/A       1%          3
e - Call Canine Familiar  Summ           69%        N/A       1%          3
f - Martyr's Knell        Necr/Summ      48%        N/A       4%          4
g - Summon Forest         Summ/Tloc      31%        N/A       2%          5
h - Summon Cactus Giant   Summ           34%        N/A       7%          6
i - Permafrost Eruption   Ice/Erth       36%        2x4d9     3%          6

Your spell library contained the following spells:

 Spells                   Type           Power      Damage    Failure   Level
 Apportation              Tloc           100%       N/A       1%          1
 Foxfire                  Conj/Fire      56%        2x1d6     4%          1
 Magic Dart               Conj           56%        1d5       4%          1
 Necrotise                Necr           56%        1d6       4%          1
 Shock                    Conj/Air       56%        1d6       4%          1
 Blink                    Tloc           100%       N/A       1%          2
 Call Imp                 Summ           100%       N/A       1%          2
 Hailstorm                Conj/Ice       50%        3d10      1%          3
 Maxwell's Portable Pile  Tloc           57%        2d(10-30) 1%          3
 Stone Arrow              Conj/Erth      100%       3d13      1%          3
 Teleport Other           Tloc           57%        N/A       1%          3
 Animate Armour           Summ/Erth      100%       N/A       1%          4
 Brom's Barrelling Bould  Conj/Erth      52%        2d7       3%          4
 Cigotuvi's Dreadful Rot  Necr/Alch/Air  28%        N/A       8%          2
 Searing Ray              Conj           28%        2d5       8%          2
 Dimensional Bullseye     Hex/Tloc       18%        N/A       10%         4
 Iskenderun's Mystic Bla Conj/Tloc 37%            2d9        (+2d4     10%         4
 Metabolic Englaciation   Hex/Ice        25%        N/A       11%         5
 Fugue of the Fallen      Necr           14%        N/A       16%         3
 Inner Flame              Hex/Fire       14%        N/A       16%         3
 Sigil of Binding         Hex            14%        N/A       16%         3
 Swiftness                Air            14%        N/A       16%         3
 Tukima's Dance           Hex            14%        N/A       16%         3
 Vampiric Draining        Necr           14%        2d7       16%         3
 Ozocubu's Refrigeration  Ice            36%        4d15      26%         7
 Monstrous Menagerie      Summ           34%        N/A       36%         7
 Summon Hydra             Summ           34%        N/A       36%         7
 Airstrike                Air            7%         2d(1-17)  45%         4
 Animate Dead             Necr           14%        N/A       45%         4
 Dispel Undead            Necr           14%        3d10      45%         4
 Flame Wave               Conj/Fire      14%        2d6       45%         4
 Ignite Poison            Fire/Alch      14%        N/A       45%         4
 Sticky Flame             Fire/Alch      14%        2d5       45%         4
 Malign Gateway           Summ/Tloc      31%        N/A       61%         7
 Arcjolt                  Conj/Air       7%         1d17      80%         5
 Curse of Agony           Necr           14%        N/A       80%         5
 Iskenderun's Battlesphe  Conj           14%        2d7       80%         5
 Manifold Assault         Tloc           28%        N/A       85%         7
 Eringya's Noxious Bog    Alch           7%         4d6       100%        6
 Plasma Beam              Fire/Air       7%         2x1d17    100%        6
 Starburst                Conj/Fire      7%         6d4       100%        6
 Enfeeble                 Hex            7%         N/A       100%        7
 Ignition                 Fire           7%         3d4       100%        8
 Lehudib's Crystal Spear  Conj/Erth      26%        10d7      100%        8
 Maxwell's Capacitive Co  Air            7%         ∞         100%        8
 Polar Vortex             Ice            36%        12d4*     100%        9


Dungeon Overview and Level Annotations

Branches:
Dungeon (15/15)            Temple (1/1) D:5            Lair (5/5) D:9
  Swamp (0/4) Lair:2       Spider (0/4) Lair:2        Slime (0/5) Lair:5
    Orc (2/2) D:10            Elf (2/3) Orc:2        Vaults (0/5) D:14
 Depths (0/4) D:15        Gauntlet (visited)

Altars:
Ashenzari
Cheibriados
Dithmenos
Fedhas
Gozag
Hepliaklqana
Kikubaaqudgha
Makhleb
Nemelex Xobeh
Okawaru
Qazlal
Ru
Sif Muna
Trog
Uskayaw
Vehumet
Wu Jian
Xom
Yredelemnul
Beogh
Jiyva

Shops:
D:1 ?   D:4 [   D:6 [   D:10 [   D:12 [[[:(   D:15 *   Orc:2 ([*!   Elf:1 *

Annotations:
D:15 3 runed translucent doors, Romp's ghost, journeyman DrMo
Lair:5 1 runed translucent door


Innate Abilities, Weirdness & Mutations

You have hoof-like feet.
Your demonic aura causes all spilled blood to erupt in flames.
Your touch may irresistibly damage your foes and sap their willpower.


Message History

Your dryad hits the +1 heavy eveningstar but does no damage.
Your inugami hits the deep elf pyromancer!
Your cactus giant barely misses the +1 heavy eveningstar.
The heat melts your icy armour.
Okay, then.
Your icy armour cracks and falls away as you move.
You shake off some of the fire as you move.
The liquid fire burns you!
* * * LOW HITPOINT WARNING * * *
Space becomes stable.
Your dryad disappears in a puff of smoke!
The vines fall limply to the ground.
The deep elf pyromancer is engulfed in blazing flames.
You kill the deep elf pyromancer!
Sif Muna accepts your kill.
The +1 heavy eveningstar is engulfed in blazing flames.
Your inugami is engulfed in blazing flames.
Okay, then.
Aiming: Warp Space
Press: ? - help, Shift-Dir - straight line, p - +1 heavy eveningstar Space twists violently!
The rupture engulfs your cactus giant!!
Your cactus giant blinks!
Your cactus giant is moderately damaged.
The rupture engulfs the +1 heavy eveningstar but does no damage.
The +1 heavy eveningstar is lightly damaged.
Your cactus giant disappears in a puff of smoke!
The liquid fire burns you!
* * * LOW HITPOINT WARNING * * *
The +1 heavy eveningstar hits you!
* * * LOW HITPOINT WARNING * * *
Your inugami is engulfed in blazing flames.
Aiming: Bolt of Light
Press: ? - help, Shift-Dir - straight line, f - +1 heavy eveningstar
Aim: a +1 heavy eveningstar (flame, lightly damaged, ally target, 48% to hit)
The bolt of light hits the +1 heavy eveningstar!
The +1 heavy eveningstar is heavily damaged.
The liquid fire burns you!
* * * LOW HITPOINT WARNING * * *
The +1 heavy eveningstar hits you!
You die...

#.........
........).
.........#
....)....#
.......).##
......)W§.##
...§...§§).#
..
.§...○☼h(..#
...
..§.§.○.@..#
....
...☼.○...§##
....
.........##
....
.........#
...
.........##
.#
.###......##
# ##......#
# #......#
## ### ###
##......#


You could see a +1 heavy eveningstar (ally target), a friendly martyred shade
(summoned) and a friendly inugami (summoned, sheltered).

Vanquished Creatures
  An orc warlord (Orc:2)
  2 deep elf demonologists (Elf:2)
  A deep elf death mage (Elf:2)
  A deep elf annihilator (Elf:1)
  A minotaur (Gauntlet)
  4 hydras
  2 ogre magi
  A centaur warrior (D:14)
  9 two-headed ogres
  5 dancing weapons
  5 death yaks (Lair:4)
  A hell hog (Gauntlet)
  3 tengu warriors
  An orc high priest (Orc:2)
  An occultist (D:15)
  A spriggan (D:14)
  5 deep elf knights
  A soul eater (Gauntlet)
  2 skeletal warriors
  2 skysharks
  2 spriggan druids (Elf:1)
  6 deep elf archers
  A mana viper (shapeshifter) (D:14)
  14 deep elf pyromancers
  A swamp dragon (Lair:5)
  4 orc knights
  5 orc sorcerers
  An ugly thing (D:15)
  8 deep elf zephyrmancers
  Maurice (Orc:2)
  3 cyclopes
  2 elephants (Lair:5)
  A centaur skeleton (D:15)
  2 black mambas
  A cane toad (shapeshifter) (Elf:1)
  7 cane toads
  10 komodo dragons
  A komodo dragon (shapeshifter) (Elf:1)
  4 rime drakes
  8 trolls
  8 polar bears (Lair:5)
  A hornet (D:14)
  A polar bear (shapeshifter) (Elf:1)
  A queen bee (shapeshifter) (Elf:1)
  9 dream sheep
  4 blink frogs
  Sigmund (D:6)
  2 slime creatures (D:12)
  4 vampires
  Eustachio (D:6)
  A wraith (D:9)
  5 wyverns
  4 basilisks
  3 fire bats (Gauntlet)
  3 fire elementals
  29 yaks
  3 steam dragons
  5 wargs
  9 redbacks
  4 vampire mosquitoes
  2 acid dragons (D:12)
  9 water moccasins
  10 hell hounds
  2 ice beasts (D:7)
  A swamp drake (Lair:5)
  10 black bears
  12 orc warriors
  A laughing skull (D:15)
  An ogre (Orc:2)
  8 wolves (Lair:5)
  3 centaurs
  3 phantoms
  3 kobold brigands
  Blork the orc (D:4)
  9 bullfrogs
  2 gnoll sergeants
  3 scorpions
  7 wights
  9 killer bees
  4 howler monkeys
  9 electric eels
  A jelly (D:8)
  A bombardier beetle (D:7)
  4 hounds
  An orc priest (D:3)
  A sleepcap (D:6)
  Terence (D:2)
  An iguana (D:5)
  6 orc wizards
  4 hell rats (Lair:1)
  2 nameless horrors
  2 gnolls
  4 adders
  2 shadow imps
  2 ufetubi (D:6)
  20 orcs
  9 bats
  13 endoplasms
  5 giant cockroaches
  9 goblins
  8 hobgoblins
  6 jackals
  19 kobolds
  4 quokkas
  5 ball pythons
  2 frilled lizards
  8 rats
  3 snaplasher vines (Orc:2)
481 creatures vanquished.

Vanquished Creatures (collateral kills)
  Saint Roka (Orc:2)
  The ghost of P0WERM0DE the Fighter, a journeyman CoCK of Jiyva (D:14)
  A fire dragon (Lair:5)
  2 rakshasas (D:15)
  The ghost of Drangen the Fighter, a journeyman CoHu of Okawaru (D:10)
  2 hydras (D:15)
  The ghost of lis82 the Frost Mage, a journeyman DgHW (D:10)
  2 catoblepae (Lair:3)
  2 boulder beetles
  14 dancing weapons
  2 tengu warriors (D:15)
  4 two-headed ogres
  A death yak (Lair:4)
  An occultist (D:15)
  A hell hog (Lair:5)
  2 skeletal warriors
  6 deep elf knights (Elf:2)
  A deep elf archer (Elf:2)
  2 bog bodies (Lair:2)
  A lindwurm (Lair:3)
  A necromancer (D:15)
  2 orc sorcerers
  4 deep elf zephyrmancers
  4 ugly things
  3 deep elf pyromancers
  An obsidian bat (Orc:2)
  2 manticores
  7 cyclopes
  3 kobold blastminers (Orc:2)
  An elephant (Lair:5)
  2 centaur skeletons (D:15)
  6 cane toads
  A rime drake (Lair:5)
  3 komodo dragons
  Psyche (D:10)
  A freezing wraith (D:15)
  A tengu conjurer (D:15)
  5 trolls
  A hornet (D:14)
  2 polar bears
  5 dream sheep
  3 blink frogs
  4 slime creatures (D:12)
  2 spriggans (D:14)
  An air elemental (Elf:2)
  A centaur simulacrum (D:15)
  15 yaks
  A water elemental (D:14)
  A wraith (D:13)
  A wyvern (D:9)
  3 basilisks
  2 fire elementals (Elf:1)
  3 wargs
  A redback (Lair:2)
  A steam dragon (Lair:5)
  7 vampire mosquitoes
  An acid dragon (D:14)
  4 water moccasins (Lair:5)
  9 hell hounds (Lair:5)
  2 swamp drakes (Lair:5)
  19 orc warriors
  A laughing skull (D:15)
  3 ogres
  4 black bears
  A boggart (D:14)
  A centaur (D:11)
  4 wolves (Lair:5)
  5 nameless horrors
  A kobold brigand (D:6)
  An earth elemental (Elf:1)
  7 bullfrogs
  2 scorpions
  5 wights
  3 howler monkeys
  A bombardier beetle (D:7)
  16 orc priests
  A jelly (D:5)
  Crazy Yiuf (D:5)
  3 iguanas (Lair:5)
  9 orc wizards
  A boggart skeleton (D:15)
  5 gnolls
  2 adders
  A shadow imp (Gauntlet)
  47 orcs
  A quokka (D:5)
  10 kobolds
321 creatures vanquished.

Vanquished Creatures (others)
  2 deep elf knights (Elf:1)
  A deep elf zephyrmancer (Elf:1)
  A wolf (Lair:5)
  An adder (D:5)
  10 snaplasher vines
15 creatures vanquished.

Grand Total: 817 creatures vanquished

Notes
Turn   | Place    | Note
-------+----------+-------------------------------------------
     0 | D:1      | Necromancer21 the Demonspawn Ice Elementalist began the
                  | quest for the Orb.
     0 | D:1      | Reached XP level 1. HP: 13/13 MP: 3/3
   249 | D:1      | Discovered your monstrous ancestry.
   249 | D:1      | Gained mutation: Your touch may inflict minor irresistible
                  | damage on your foes. [demonic ancestry]
   249 | D:1      | Reached XP level 2. HP: 17/19 MP: 0/5
   714 | D:1      | Gained mutation: Your touch may inflict irresistible damage
                  | on your foes. [demonic ancestry]
   714 | D:1      | Reached XP level 3. HP: 18/24 MP: 2/7
   868 | D:1      | Found Jaguinew's Magic Scroll Shop.
  1471 | D:2      | Noticed Terence
  1474 | D:2      | Killed Terence
  1475 | D:2      | Reached skill level 1 in Summonings
  1475 | D:2      | Gained mutation: You have large cloven feet. [demonic
                  | ancestry]
  1475 | D:2      | Reached XP level 4. HP: 30/30 MP: 8/8
  1487 | D:2      | Learned a level 3 spell: Frozen Ramparts
  1491 | D:2      | Learned a level 3 spell: Summon Ice Beast
  1785 | D:3      | Noticed a phantom
  1908 | D:3      | Killed a phantom
  1909 | D:3      | Reached XP level 5. HP: 35/35 MP: 2/10
  2151 | D:3      | Found a faded altar of an unknown god.
  2806 | D:4      | Reached skill level 5 in Ice Magic
  2840 | D:4      | Noticed a centaur
  2846 | D:4      | Gained mutation: You have hoof-like feet. [demonic
                  | ancestry]
  2846 | D:4      | Reached XP level 6. HP: 41/41 MP: 4/11
  3005 | D:4      | Found Seko's Antique Armour Boutique.
  3053 | D:4      | Noticed Blork the orc
  3086 | D:4      | Killed Blork the orc
  3487 | D:5      | Entered Level 5 of the Dungeon
  3681 | D:5      | Reached skill level 1 in Fighting
  3681 | D:5      | Gained mutation: Your demonic aura sometimes causes spilled
                  | blood to erupt in flames. [demonic ancestry]
  3681 | D:5      | Reached XP level 7. HP: 48/48 MP: 6/13
  3863 | D:5      | Noticed a two-headed ogre
  3879 | D:5      | Killed a two-headed ogre
  3880 | D:5      | Reached skill level 5 in Spellcasting
  3880 | D:5      | Gained mutation: Your demonic aura often causes spilled
                  | blood to erupt in flames. [demonic ancestry]
  3880 | D:5      | Reached XP level 8. HP: 58/58 MP: 3/16
  4022 | D:5      | Found a runed translucent door.
  4023 | D:5      | Noticed Crazy Yiuf
  4220 | D:5      | Killed Crazy Yiuf
  4490 | D:5      | Found a staircase to the Ecumenical Temple.
  4497 | Temple   | Entered the Ecumenical Temple
  4570 | Temple   | Became a worshipper of Sif Muna the Loreminder
  5127 | D:6      | Noticed Eustachio
  5165 | D:6      | Killed Eustachio
  5247 | D:6      | Noticed Sigmund
  5259 | D:6      | Learned a level 3 spell: Ozocubu's Armour
  5365 | D:6      | Killed Sigmund
  5366 | D:6      | Reached XP level 9. HP: 50/64 MP: 6/18
  5721 | D:6      | Reached skill level 5 in Fighting
  5763 | D:6      | Reached * piety under Sif Muna
  5904 | D:6      | Found Buogaoq's Armour Shop.
  6792 | D:7      | Reached skill level 1 in Invocations
  6913 | D:7      | Reached skill level 2 in Invocations
  7023 | D:7      | Reached skill level 3 in Invocations
  7604 | D:7      | Found a shadowy altar of Dithmenos.
  7633 | D:7      | Reached skill level 4 in Invocations
  7782 | D:8      | Gained mutation: Your touch may irresistibly damage your
                  | foes and sap their willpower. [demonic ancestry]
  7782 | D:8      | Reached XP level 10. HP: 69/80 MP: 17/19
  7894 | D:8      | Reached ** piety under Sif Muna
  8239 | D:8      | Reached skill level 5 in Invocations
  8321 | D:8      | Learned a level 3 spell: Call Canine Familiar
  8330 | D:8      | Reached skill level 10 in Ice Magic
  8630 | D:9      | Found a radiant altar of Vehumet.
  8841 | D:9      | Reached skill level 6 in Invocations
  9018 | D:9      | Reached skill level 5 in Summonings
  9156 | D:9      | Reached skill level 7 in Invocations
  9520 | D:9      | Reached skill level 5 in Stealth
  9598 | D:9      | Found a snail-covered altar of Cheibriados.
  9598 | D:9      | Found a sacrificial altar of Ru.
  9735 | D:9      | Found a staircase to the Lair.
  9776 | D:10     | Entered Level 10 of the Dungeon
  9820 | D:10     | Found a runed translucent gate.
  9820 | D:10     | Found a runed translucent gate.
  9820 | D:10     | Found a runed translucent gate.
  9820 | D:10     | Noticed lis82's ghost (journeyman DgHW)
  9821 | D:10     | Noticed Drangen's ghost (journeyman CoHu)
  9893 | D:10     | Found a basalt altar of Yredelemnul.
 10080 | D:10     | Noticed a two-headed ogre
 10099 | D:10     | Killed a two-headed ogre
 10100 | D:10     | Reached skill level 8 in Invocations
 10100 | D:10     | Reached XP level 11. HP: 32/86 MP: 8/20
 10180 | D:10     | Noticed a two-headed ogre
 10521 | D:10     | Reached *** piety under Sif Muna
 10608 | D:10     | Noticed a two-headed ogre
 10619 | D:10     | Killed a two-headed ogre
 10766 | D:10     | Noticed a two-headed ogre
 10776 | D:10     | Killed a two-headed ogre
 10915 | D:10     | Noticed a sea snake
 11039 | D:10     | Killed a two-headed ogre
 11230 | D:10     | Found a staircase to the Orcish Mines.
 11233 | D:10     | Found Novvaf's Armour Shop.
 11241 | D:10     | Bought a +2 helmet of see invisible for 301 gold pieces
 11268 | D:10     | Noticed Psyche
 11272 | D:10     | Killed Psyche
 11936 | D:11     | Learned a level 4 spell: Martyr's Knell
 12653 | Lair:1   | Entered Level 1 of the Lair of Beasts
 12664 | D:9      | Reached skill level 10 in Summonings
 12713 | Lair:1   | Reached skill level 9 in Invocations
 12814 | Lair:1   | Reached skill level 10 in Invocations
 12953 | Lair:1   | Found a gate leading to a gauntlet.
 12984 | Gauntlet | Entered a Gauntlet
 12984 | Gauntlet | Found a transporter.
 13019 | Gauntlet | Noticed a tengu warrior
 13094 | Gauntlet | Found a transporter.
 13096 | Gauntlet | Noticed a soul eater
 13102 | Gauntlet | Found a transporter.
 13105 | Gauntlet | Found a transporter.
 13112 | Gauntlet | Found a transporter.
 13128 | Gauntlet | Found a transporter.
 13130 | Gauntlet | Noticed a hell hog
 13137 | Gauntlet | Noticed an entropy weaver
 13138 | Gauntlet | Found a transporter.
 13140 | Gauntlet | Found a runed translucent door.
 13149 | Gauntlet | Found a transporter.
 13157 | Gauntlet | Found a runed translucent door.
 13170 | Gauntlet | Noticed an obsidian statue
 13172 | Gauntlet | Found a transporter.
 13185 | Gauntlet | Found a transporter.
 13238 | Gauntlet | Found a transporter.
 13238 | Gauntlet | Found a transporter.
 13308 | Gauntlet | Found a transporter.
 13372 | Gauntlet | Identified the ring of Modor {^Contam rPois rN+ Will-
                  | Str+8}
 13384 | Gauntlet | Killed a tengu warrior
 13385 | Gauntlet | Reached skill level 11 in Invocations
 13387 | Gauntlet | HP: 3/86 [tengu conjurer/bolt of lightning (19)]
 13640 | Gauntlet | Identified the ring of Curiosity {Fly rPois Str+3 Int+4}
 13645 | Gauntlet | Killed a soul eater
 13646 | Gauntlet | Reached XP level 12. HP: 69/92 MP: 19/21
 13717 | Gauntlet | Reached skill level 12 in Invocations
 13718 | Gauntlet | Killed a hell hog
 13890 | Gauntlet | Identified the amulet "Ducliuck" {Acrobat rElec rC+}
 13969 | Gauntlet | Noticed a minotaur
 13987 | Gauntlet | Killed a minotaur
 14236 | Gauntlet | Identified the +6 whip "Jilyanwarut" {elec, +Blink rElec
                  | Will- SInv}
 14545 | Lair:1   | Reached skill level 1 in Evocations
 14545 | Lair:1   | Reached **** piety under Sif Muna
 14811 | Lair:1   | Reached skill level 13 in Invocations
 15175 | Lair:2   | Found a staircase to the Swamp.
 15371 | Lair:2   | Found a transporter.
 15371 | Lair:2   | Noticed a boulder beetle
 15372 | Lair:2   | Found a transporter.
 15507 | Lair:2   | Reached skill level 14 in Invocations
 15718 | Lair:2   | Killed a boulder beetle
 15961 | Lair:2   | Found a hole to the Spider Nest.
 16626 | Lair:2   | Reached skill level 5 in Evocations
 16972 | Lair:3   | Noticed a catoblepas
 17019 | Lair:3   | Killed a catoblepas
 17033 | Lair:3   | Gained mutation: Your demonic aura causes all spilled blood
                  | to erupt in flames. [demonic ancestry]
 17033 | Lair:3   | Reached XP level 13. HP: 91/98 MP: 12/25
 17112 | Lair:3   | Identified the +1 dagger of Corporal Punishment {drain,
                  | Will+ Str+3}
 17698 | Lair:3   | Reached ***** piety under Sif Muna
 17795 | Lair:3   | Identified the ring of Xom's Malicious Joy {rCorr MP+9
                  | Str+4 Stlth+}
 18378 | Lair:4   | Reached skill level 10 in Spellcasting
 19193 | Lair:5   | Entered Level 5 of the Lair of Beasts
 19301 | Lair:5   | Reached skill level 10 in Fighting
 19526 | Lair:5   | Reached skill level 5 in Dodging
 19694 | Lair:5   | Received a gift from Sif Muna
 19695 | Lair:5   | Got Sif Muna's Information on the Geodesic and Snow {god
                  | gift}
 20039 | Lair:5   | Identified the +1 pair of gloves of Sofadghuc {Int+4 Dex+3}
 20045 | Lair:5   | Found a runed translucent door.
 20048 | Lair:5   | Noticed an acid blob
 20049 | Lair:5   | Noticed an acid blob
 20050 | Lair:5   | Found a staircase to the Slime Pits.
 20157 | Lair:5   | Reached XP level 14. HP: 101/115 MP: 25/28
 20347 | Lair:5   | Reached skill level 1 in Shields
 21166 | Lair:5   | Identified the maw talisman "Timyow" {rN+ rCorr}
 21263 | Lair:5   | Received a gift from Sif Muna
 21264 | Lair:5   | Got Angewoyne's Cyclopedia of Apparitions and the Glacier
                  | {god gift}
 22133 | D:10     | Bought a +0 buckler for 63 gold pieces
 22211 | D:10     | Killed lis82's ghost
 22231 | D:10     | Killed Drangen's ghost
 22970 | D:12     | Found Diuh's Antique Weapon Emporium.
 23052 | D:12     | Identified a scroll of acquirement
 23052 | D:12     | Acquired 472 gold pieces
 23283 | D:4      | Bought the +1 cloak of Starlight {*Dazzle EV+4 Stlth--} for
                  | 793 gold pieces
 23283 | D:4      | Found the +1 cloak of Starlight {*Dazzle EV+4 Stlth--}
 23361 | D:1      | Bought a scroll of vulnerability for 40 gold pieces
 23361 | D:1      | Bought a scroll of teleportation for 30 gold pieces
 23361 | D:1      | Bought a scroll of teleportation for 30 gold pieces
 23361 | D:1      | Bought a scroll of poison for 40 gold pieces
 23361 | D:1      | Bought a scroll of amnesia for 40 gold pieces
 23361 | D:1      | Bought a scroll of amnesia for 40 gold pieces
 23361 | D:1      | Bought a scroll of poison for 40 gold pieces
 23361 | D:1      | Bought a scroll of revelation for 75 gold pieces
 23567 | D:12     | Found Watyt's Antique Armour Shoppe.
 23618 | D:12     | Reached skill level 1 in Translocations
 23727 | D:12     | Found Femyash's Armour Shoppe.
 23730 | D:12     | Bought the +1 hat of Gravitas {*Corrode rPois Regen+
                  | Stlth+} for 243 gold pieces
 23767 | D:12     | Learned a level 5 spell: Summon Forest
 23775 | D:12     | Found Cijyorat's Book Emporium.
 23847 | D:12     | Found Wasit Wuxt's Antique Armour Shop.
 24606 | D:13     | Reached skill level 5 in Translocations
 25564 | D:14     | Found a gate to the Vaults.
 25602 | D:14     | Reached skill level 1 in Earth Magic
 25743 | D:14     | Found a runed translucent door.
 25745 | D:14     | Noticed P0WERM0DE's ghost (journeyman CoCK)
 25747 | D:14     | Identified the +6 trident of Idye {pain, rC- Str+5 Dex-3
                  | SInv}
 26404 | D:14     | Killed P0WERM0DE's ghost
 26435 | D:14     | Acquired a staff of earth
 26503 | D:15     | Entered Level 15 of the Dungeon
 26524 | D:15     | Reached XP level 15. HP: 120/120 MP: 18/29
 26529 | D:15     | Reached skill level 5 in Earth Magic
 26533 | D:15     | Received a gift from Sif Muna
 26798 | D:15     | Got Sif Muna's Book of Percussion {god gift}
 26947 | D:15     | Learned a level 6 spell: Summon Cactus Giant
 27294 | D:15     | Found Heilasufui's General Store.
 27379 | D:15     | Found a runed translucent gate.
 27379 | D:15     | Found a runed translucent gate.
 27379 | D:15     | Noticed Romp's ghost (journeyman DrMo)
 27379 | D:15     | Noticed a rockslime
 27380 | D:15     | Found a runed translucent gate.
 27380 | D:15     | Noticed a rockslime
 28096 | D:15     | Found a staircase to the Depths.
 28382 | D:15     | Found a viscous altar of Jiyva.
 28534 | Orc:1    | Entered Level 1 of the Orcish Mines
 28847 | Orc:2    | Entered Level 2 of the Orcish Mines
 28847 | Orc:2    | Noticed Saint Roka
 28847 | Orc:2    | Found a staircase to the Elven Halls.
 28861 | Orc:2    | Noticed Maurice
 28868 | Orc:2    | Killed Saint Roka
 29022 | Orc:2    | Something stole a ring of willpower
 29031 | Orc:2    | Killed Maurice
 29032 | Orc:2    | Reached skill level 10 in Earth Magic
 29145 | Orc:2    | Received a gift from Sif Muna
 29146 | Orc:2    | Got Ragh's Volume of Creative Topology {god gift}
 29262 | Orc:2    | Found a roughly hewn altar of Beogh.
 29275 | Orc:2    | Found a roughly hewn altar of Beogh.
 29504 | Orc:2    | Found a roughly hewn altar of Beogh.
 29596 | Orc:2    | Found Raunynem's Distillery.
 29603 | Orc:2    | Bought a potion of cancellation for 120 gold pieces
 29603 | Orc:2    | Bought a potion of lignification for 45 gold pieces
 29603 | Orc:2    | Bought a potion of heal wounds for 75 gold pieces
 29603 | Orc:2    | Bought a potion of heal wounds for 75 gold pieces
 29938 | Orc:2    | Found Caloteus's Antique Armour Emporium.
 29939 | Orc:2    | Found a roughly hewn altar of Beogh.
 29940 | Orc:2    | Found Rujim's Antique Weapon Shoppe.
 30113 | Orc:2    | Found a roughly hewn altar of Beogh.
 30198 | Orc:2    | Found Kavel's Assorted Antiques.
 30206 | Orc:2    | Bought a lumpy emerald amulet for 115 gold pieces
 30206 | Orc:2    | Bought a scroll of teleportation for 69 gold pieces
 30488 | Orc:2    | Learned a level 6 spell: Permafrost Eruption
 30489 | Elf:1    | Entered Level 1 of the Elven Halls
 30897 | Elf:1    | Found Vovesamicw's General Store.
 30942 | Elf:1    | Reached XP level 16. HP: 110/127 MP: 5/30
 31332 | Elf:1    | Received a gift from Sif Muna
 31335 | Elf:1    | Got Sif Muna's Book of Wicked Omens {god gift}
 33234 | Elf:2    | Found a runed translucent gate.
 33235 | Elf:2    | Found a runed translucent gate.
 33235 | Elf:2    | Found a runed translucent gate.
 33563 | Elf:2    | Mangled by a +1 heavy eveningstar

Illustrated notes

Levels and vault maps discovered:
D:1:      dpeg_arrival_simpleton_a, layout_basic, serial_shops, shop,
          minmay_small_reverse_x
D:2:      layout_basic, uniq_terence
D:3:      layout_basic, hellmonk_ecumenical_altar_arch_garden
D:4:      layout_loops_ring, serial_shops, nicolae_shop_tiny_statue_garden,
          uniq_blork_the_orc
D:5:      cheibrodos_helix_gallery, layout_loops_ring, temple_green,
          minmay_manual_mess, uniq_crazy_yiuf_cottage
D:6:      cheibrodos_two_vegetables, layout_basic, serial_shops, shop,
          serial_library_hellmonk_recessed_alcove, minmay_manual_monolith,
          uniq_sigmund, uniq_eustachio
D:7:      layout_loops_ring, grunt_dithmenos_smoke, st_stairs_13
D:8:      layout_cave_pools
D:9:      layout_rooms, old_standard_altar, gammafunk_temple_overflow_pools,
          minmay_lair_entry_grove, chequers_serial_rivers_room_b,
          dk_noncrumbling_3, hex_intersection
D:10:     layout_basic, marbit_many_paths, orc_david_3, serial_aquarium,
          aquarium_bridge_long_separate [aquarium_subvault_bridge,
          aquarium_subvault_bridge, aquarium_subvault_bridge,
          aquarium_subvault_balcony, aquarium_subvault_bridge,
          aquarium_subvault_balcony], aquarium_bridge_square
          [aquarium_subvault_bridge, aquarium_subvault_window,
          aquarium_subvault_bridge, aquarium_subvault_wall], aquarium_window_1,
          aquarium_window_2, aquarium_view_2g, gammafunk_ghost_cemetery,
          nicolae_twisty_statue_hallways, uniq_psyche
D:11:     layout_basic, minmay_misc_feat_nine_boxes
D:12:     layout_roguey, serial_shops, nicolae_inconvenience_store, shop,
          nicolae_shop_waterfront, nicolae_shop_waterfront, shop
D:13:     layout_rooms
D:14:     layout_big_octagon, david_vaults_4, ebering_ghost_funeral_grove,
          minmay_misc_feat_pillars
D:15:     grunt_enter_depths_magical_seal, layout_loops_ring,
          grunt_decor_fettered, gammafunk_ghost_ooze, serial_shops, shop
Temple:   minmay_temple_bridge_d
Lair:1:   layout_regular_city, gauntlet_entry_generic, serial_bayou_pond_d,
          lemuel_fruit_tree, infiniplex_staircase_pool, grunt_megastairs_1,
          serial_bayou_shore_b
Lair:2:   gammafunk_boulding_lane, layout_gridlike, skrybe_swamp_entry_bodies,
          spider_nest_entry_webs, dreamdust_deal_with_the_devil,
          infiniplex_staircase_pool_2
Lair:3:   layout_hall_layers
Lair:4:   layout_roguey
Lair:5:   guppyfry_lair_end_dragon, layout_hall_layers,
          hangedman_lair_caniforms_friends, slime_entry_2
Orc:1:    layout_diamond_mine
Orc:2:    grunt_orc_community_town_hall, layout_caves,
          grunt_orc_community_big_house_1, grunt_orc_community_big_house_2,
          grunt_orc_community_house_3, grunt_orc_community_house_3,
          grunt_orc_community_house_2, grunt_orc_community_house_1,
          nicolae_orc_minecarts, uniq_saint_roka, uniq_maurice
Elf:1:    eino_elf_arrival_sip, layout_geoelf_octagon, serial_shops, shop,
          kilobyte_rumbling_trees, drop_trap
Elf:2:    nicolae_elf_blades_crystal_corner, layout_loops_corners

Skill      XL: |  1  2  3  4  5  6  7  8  9 10 11 12 13 14 15 16 |
---------------+-------------------------------------------------+-----
Ice Magic      | 4 5 6 8 9 10 12 | 12.5
Spellcasting   | 3 4 5 6 8 10 | 10.0
Summonings     | 1 2 3 4 6 10 11 | 11.5
Fighting       | 1 3 8 12 | 12.0
Invocations    | 4 8 11 14 | 14.0
Stealth        | 2 5 6 |  6.0
Evocations     | 5 6 |  6.0
Dodging        | 6 7 |  7.4
Shields        | 3 |  3.4
Translocations | 8 |  8.0
Earth Magic    | 4 11 13 | 13.3

Action                     |  1- 3 |  4- 6 |  7- 9 | 10-12 | 13-15 | 16-18 || total
---------------------------+-------+-------+-------+-------+-------+-------++-------
  Melee: Unarmed           |    60 |       |       |       |       |       ||    60
         Touch             |    13 |    11 |    21 |    34 |    28 |       ||   107
         Dagger            |    40 |    80 |    89 |   165 |   262 |       ||   636
         Kick              |       |     1 |       |       |       |       ||     1
         Whip              |       |       |       |       |       |     9 ||     9
         Staff             |       |       |       |       |       |     1 ||     1
  Throw: Dart              |       |       |       |     3 |       |       ||     3
         Boomerang         |       |       |       |     5 |     9 |       ||    14
         Throwing net      |       |       |       |     1 |       |       ||     1
         Javelin           |       |       |       |       |     1 |       ||     1
   Cast: Freeze            |    35 |       |       |       |       |     1 ||    36
         Summon Ice Beast  |       |    11 |    42 |    73 |   139 |    16 ||   281
         Frozen Ramparts   |       |     7 |    22 |    35 |    53 |       ||   117
         Ozocubu's Armour  |       |       |     8 |    20 |    34 |     2 ||    64
         Call Canine Famil |       |       |       |    56 |   118 |     9 ||   183
         Martyr's Knell    |       |       |       |    29 |   120 |     5 ||   154
         Summon Forest     |       |       |       |       |    31 |     5 ||    36
         Summon Cactus Gia |       |       |       |       |    29 |    13 ||    42
         Permafrost Erupti |       |       |       |       |    16 |    66 ||    82
 Invoke: Channel Magic     |       |       |       |     2 |     7 |     6 ||    15
  Evoke: Wand              |     1 |     2 |     2 |     2 |    23 |     2 ||    32
    Use: Scroll            |       |     6 |     1 |    19 |    15 |       ||    41
         Potion            |       |       |       |     3 |     1 |       ||     4
   Stab: Sleeping          |     1 |     7 |     3 |     1 |     1 |       ||    13
         Invisible         |       |     1 |       |       |     5 |       ||     6
         Distracted        |       |       |       |     2 |     3 |       ||     5
 Armour: Robe              |    78 |    54 |    77 |    98 |   133 |    39 ||   479
         Troll leather arm |       |       |       |    66 |   272 |       ||   338
  Dodge: Dodged            |    99 |    38 |    48 |   113 |   343 |    38 ||   679
  Block: Buckler           |       |       |       |       |    41 |     2 ||    43

Table legend: (Time is in decaauts)
 A = Elapsed time spent in this place.
 B = Non-inter-level travel time spent in this place.
 C = Inter-level travel time spent in this place.
 D = Time resting spent in this place.
 E = Time spent auto-exploring this place.
 F = Levels seen in this place.
 G = Mean time per level.
                   A        B        C        D        E       F      G
               +--------+--------+--------+--------+--------+-----+--------+
         Total |  33613 |  30532 |   3081 |   5623 |  18674 |  26 | 1292.8 |
       Dungeon |  19077 |  17302 |   1775 |   2240 |  11624 |  15 | 1271.8 |
        Temple |    146 |      2 |    144 |      0 |      0 |   1 |  146.0 |
          Lair |   8095 |   7111 |    984 |   1620 |   3803 |   5 | 1619.0 |
  Orcish Mines |   1955 |   1889 |     66 |    140 |   1377 |   2 |  977.5 |
   Elven Halls |   3086 |   2976 |    110 |    932 |   1635 |   2 | 1543.0 |
      Gauntlet |   1252 |   1252 |      0 |    691 |    234 |   1 | 1252.0 |
               +--------+--------+--------+--------+--------+-----+--------+

Top non-repeatable levels by time:
  Lair:5: 2782 daAuts
    D:10: 2177 daAuts
     D:6: 2103 daAuts
    D:15: 1913 daAuts
  Lair:2: 1750 daAuts
   Elf:1: 1684 daAuts
    D:12: 1577 daAuts
   Orc:2: 1501 daAuts
   Elf:2: 1401 daAuts
     D:5: 1349 daAuts
     D:9: 1345 daAuts
  Lair:3: 1331 daAuts
Gauntlet: 1252 daAuts
  Lair:1: 1177 daAuts
    D:11: 1176 daAuts
